 Dungeon Crawl Stone Soup version 0.27-a0-1548-gf8a67e7463 (webtiles) character file.

Game seed: 14640956953916722892

104 Morbidden the Ruffian (level 4, -1/35 HPs)
             Began as a Demigod Transmuter on July 14, 2021.
             Slain by an orc priest (5 damage)
             ... on level 3 of the Dungeon.
             The game lasted 00:02:59 (3335 turns).

Morbidden the Ruffian (Demigod Transmuter)          Turns: 3335, Time: 00:02:59

Health: -1/35      AC:  3    Str: 15    XL:     4   Next: 28%
Magic:  0/10       EV: 12    Int: 15    God:
Gold:   80         SH:  0    Dex: 14    Spells: 1/7 levels left

rFire    . . .     SeeInvis .     - Unarmed
rCold    . . .     Faith    .   (no shield)
rNeg     . . .     Spirit   +   a - +0 robe
rPois    .         Reflect  .   (helmet currently unavailable)
rElec    .         Harm     .   h - +0 cloak
rCorr    .         Rampage  .   (no gloves)
Will     .....                  (boots currently unavailable)
Stlth    +.........             d - amulet of guardian spirit
HPRegen  0.11/turn              (no ring)
MPRegen  0.12/turn              (no ring)

@: brilliant, appendages (expiring), wereblooded
A: horns 2, talons 2, high mp 1, forlorn
a: End Transformation


You were on level 3 of the Dungeon.
You had temporarily grown beastly horns and talons.
You visited 1 branch of the dungeon, and saw 3 of its levels.

You collected 80 gold pieces.

Inventory:

Missiles
 f - 2 throwing nets
Armour
 a - a +0 robe (worn)
 h - a +0 cloak (worn)
Jewellery
 d - an amulet of guardian spirit (around neck)
Scrolls
 b - 4 scrolls of fog {unknown}
 c - 2 scrolls of teleportation {unknown}
 g - 2 scrolls of amnesia {unknown}
 i - 2 scrolls of identify {unknown}
 j - a scroll of blinking {unknown}
Potions
 k - a potion of attraction {unknown}


   Skills:
 * Level 1.5 Fighting
 * Level 2.4 Dodging
 + Level 0.3 Stealth
 + Level 3.3 Unarmed Combat
 * Level 2.4 Spellcasting
 * Level 2.3 Transmutations
 * Level 0.3 Poison Magic


You had one spell level left.
You knew the following spells:

 Your Spells              Type           Power      Damage    Failure   Level
a - Beastly Appendage     Tmut           26%        N/A       9%          1
b - Wereblood             Tmut           13%        N/A       12%         2
c - Spider Form           Tmut/Pois      4%         N/A       36%         3

Your spell library contained the following spells:

 Spells                   Type           Power      Damage    Failure   Level
 Poisonous Vapours        Pois/Air       6%         N/A       30%         2
 Ignite Poison            Fire/Tmut/Pois 6%         N/A       41%         3
 Mephitic Cloud           Conj/Pois/Air  3%         N/A       52%         3
 Ice Form                 Ice/Tmut       8%         N/A       78%         4
 Bolt of Magma            Conj/Fire/Erth 1%         4d4       99%         5
 Freezing Cloud           Conj/Ice/Air   1%         6-21      99%         5


Dungeon Overview and Level Annotations

Branches:
Dungeon (3/15)


Innate Abilities, Weirdness & Mutations

You have temporarily grown beastly horns and talons.
Your attributes grow dramatically as you level up.
You have an increased reservoir of magic. (+10% MP)
You shall have no god before yourself.


Message History

Casting: Wereblood (safe; 12% risk of failure)
Confirm with . or Enter, or press ? or * to list all spells.
You grow a pair of large bovine horns.
Your feet morph into talons.
The orc priest shouts!
Casting: Beastly Appendage (safe; 9% risk of failure)
Confirm with . or Enter, or press ? or * to list all spells.
Your blood is infused with primal strength.
The orc priest calls down the wrath of Beogh upon you.
Beogh smites you!
You barely miss the orc priest.
The orc priest hits you with a +0 war axe.
You hit the orc priest. You claw the orc priest.
The orc priest is lightly wounded.
The orc priest closely misses you.
You completely miss the orc priest.
The orc priest is lightly wounded.
The orc priest hits you with a +0 war axe!
You hit the orc priest but do no damage.
The orc priest is lightly wounded.
Your transformation is almost over.
The orc priest hits you with a +0 war axe!
You are too injured to fight recklessly!
You are too injured to fight recklessly!
You closely miss the orc priest. Your kick misses the orc priest.
Your headbutt misses the orc priest.
The orc priest is lightly wounded.
The orc priest hits you with a +0 war axe!
* * * LOW HITPOINT WARNING * * *
Unknown command.
Unknown command.
You hit the orc priest. You claw the orc priest.
Your headbutt misses the orc priest.
The orc priest is heavily wounded.
The orc priest misses you.
Unknown command.
Unknown command.
It was a potion of brilliance.
You feel clever all of a sudden.
The orc priest hits you with a +0 war axe.
You die...

#..###..###8#####...#.#
###.##..##≈≈_#...#.##..#
##......##≈≈..##....###.#
#.......#≈≈...####..# ##.
#..#.#..'...._8# ##.# #.
#..#.##.#≈≈...####..# ##.
#..#.##.##≈≈..##....###.#
#..#.##..##≈≈_#...#.##.##
#.......@.###8#####...##
###...###o.#### ##...##
#########.......##...####....#
......#.....>................# ##
####.#.(#.......#....#).....## #.
.........##.>.###........#.#####.
...#..........# #..........# #...
#.....#..#.##.# ##.#####.### #...
#........#.##.# #.#.....# #...


You could see an orc priest.

Vanquished Creatures
  3 gnolls (D:2)
  An adder (D:3)
  A worm (D:2)
  A dart slug (D:2)
  3 orcs
  9 ball pythons
  2 endoplasms
  3 goblins
  8 hobgoblins
  3 jackals (D:1)
  A kobold (D:2)
  4 quokkas
  9 bats
  2 frilled lizards
  6 rats
56 creatures vanquished.

Notes
Turn   | Place    | Note
-------+----------+-------------------------------------------
     0 | D:1      | Morbidden the Demigod Transmuter began the quest for the
                  | Orb.
     0 | D:1      | Reached XP level 1. HP: 15/15 MP: 5/5
   333 | D:1      | Reached XP level 2. HP: 22/22 MP: 5/7
   356 | D:1      | Reached skill level 3 in Unarmed Combat
   497 | D:1      | Reached skill level 1 in Fighting
   501 | D:1      | Learned a level 2 spell: Wereblood
  1238 | D:2      | Reached XP level 3. HP: 28/28 MP: 4/8
  1648 | D:2      | Learned a level 3 spell: Spider Form
  2460 | D:2      | Reached XP level 4. HP: 33/35 MP: 10/10
  3335 | D:3      | Slain by an orc priest

Illustrated notes

Levels and vault maps discovered:
D:1:      elethiomel_arrival_infinity_welcomes_careful_drivers,
          layout_loops_ring, dreamdust_ecumenical_altar_hidden_monk_grotto,
          minmay_pentomino_r2
D:2:      layout_basic, hangedman_decor_slide_cut, feat_on_display
D:3:      layout_loops_cross, gammafunk_temple_overflow_claw

Skill      XL: |  1  2 |
---------------+-------+-----
Spellcasting   | 2 |  2.4
Unarmed Combat | 3 |  3.3
Fighting       | 1 |  1.5
Dodging        | 2 |  2.4
Transmutations | 2 |  2.3
Stealth        | |  0.3
Poison Magic   | |  0.3

Action                   |  1- 3 |  4- 6 || total
-------------------------+-------+-------++-------
Melee: Unarmed           |   133 |    38 ||   171
       Kick              |    25 |    12 ||    37
       Headbutt          |    11 |     5 ||    16
       Punch             |       |     1 ||     1
 Cast: Beastly Appendage |    26 |     8 ||    34
       Wereblood         |     7 |     6 ||    13
  Use: Potion            |       |     1 ||     1
 Stab: Sleeping          |     2 |       ||     2
Armor: Robe              |    37 |     5 ||    42
Dodge: Dodged            |   104 |    13 ||   117

Table legend: (Time is in decaauts)
 A = Elapsed time spent in this place.
 B = Non-inter-level travel time spent in this place.
 C = Inter-level travel time spent in this place.
 D = Time resting spent in this place.
 E = Time spent auto-exploring this place.
 F = Levels seen in this place.
 G = Mean time per level.
                   A        B        C        D        E       F      G
               +--------+--------+--------+--------+--------+-----+--------+
         Total |   3325 |   3242 |     83 |      7 |   2817 |   3 | 1108.3 |
       Dungeon |   3325 |   3242 |     83 |      7 |   2817 |   3 | 1108.3 |
               +--------+--------+--------+--------+--------+-----+--------+

Top non-repeatable levels by time:
     D:2: 1289 daAuts
     D:1: 1196 daAuts
     D:3: 840 daAuts
